 Dungeon Crawl Stone Soup version 0.30.0-29-ga12c61a403 (webtiles) character file.

Game seed: 11291020362724020864

1441 Graphine the Ducker (level 9, -1/71 HPs)
             Began as a Human Monk on June 17, 2023.
             Was a Priest of Qazlal.
             Slain by a hound (2 damage)
             ... on level 5 of the Dungeon.
             The game lasted 00:12:37 (4746 turns).

Graphine the Ducker (Human Monk)                    Turns: 4746, Time: 00:12:37

Health: -1/71      AC: -8    Str: 11    XL:     9   Next: 4%
Magic:  11/11      EV: 15    Int: 11    God:    Qazlal [***...]
Gold:   405        SH:  9    Dex: 20    Spells: 8/8 levels left

rFire   . . .        u - +2 short sword (vamp)
rCold   . . .        d - orb {light}
rNeg    . . .        n - +0 leather armour
rPois   .            f - +0 helmet
rElec   .            (no cloak)
rCorr   .            (no gloves)
SInv    .            (no boots)
Will    .....        l - amulet of reflection
Stlth   +            j - +4 ring of protection
HPRegen 0.31/turn    (no ring)
MPRegen 0.12/turn

%: reflection
@: corroded, glowing
A: no striking features
a: Renounce Religion, Upheaval, Elemental Force


You were on level 5 of the Dungeon.
You worshipped Qazlal.
Qazlal was most pleased with you.
You visited 1 branch of the dungeon, and saw 6 of its levels.

You collected 405 gold pieces.

Inventory:

Hand Weapons
 m - a +1 short sword of electrocution
 p - a +1 great sword
 r - a +0 long sword
 u - a +2 vampiric short sword (weapon)
 v - a +2 dagger of venom
Missiles
 o - 15 poisoned darts (quivered)
 w - a curare-tipped dart
Armour
 b - a +0 robe
 d - an orb of light (worn)
 f - a +0 helmet (worn)
 n - a +0 leather armour (worn)
Jewellery
 c - an amulet of faith
 j - a +4 ring of protection (left hand)
 l - an amulet of reflection (around neck)
Scrolls
 e - 2 scrolls of identify
 i - a scroll of fog
Potions
 h - a potion of flight
 k - 2 potions of brilliance
 q - 2 potions of attraction


   Skills:
 * Level 6.4 Fighting
 * Level 6.5 Long Blades
 * Level 6.5 Dodging
 + Level 3.1 Invocations


You had 8 spell levels left.
You didn't know any spells.
Your spell library contained the following spells:

 Spells                   Type           Power      Damage    Failure   Level
 Cigotuvi's Dreadful Rot  Necr/Pois/Air  0%         N/A       56%         2
 Ignite Poison            Fire/Tmut/Pois 0%         N/A       80%         3
 Freezing Cloud           Conj/Ice/Air   0%         6-21      100%        5


Dungeon Overview and Level Annotations

Branches:
Dungeon (6/15)
 Temple: D:4-7

Altars:
Qazlal

Annotations:
D:1 2 transporters
D:5 Eustachio


Message History

You completely miss the hound.
The hound is moderately wounded.
You block the hound's attack. The hound barely misses you. The jelly hits you.
You are splashed with acid!
* * * LOW HITPOINT WARNING * * *
You hit the hound.
You feel better.
The hound is heavily wounded.
You block the hound's attack. The hound bites you.
* * * LOW HITPOINT WARNING * * *
You hit the hound but do no damage.
The hound is heavily wounded.
The hound completely misses you. The hound bites you.
* * * LOW HITPOINT WARNING * * *
The jelly barely misses you. You block the hound's attack.
The hound closely misses you. You block the hound's attack.
The hound bites you.
* * * LOW HITPOINT WARNING * * *
You feel better. The hound closely misses you. You block the hound's attack.
You block the jelly's attack. The hound closely misses you.
Really read the scroll of immolation?
As you read the scroll of immolation, it crumbles to dust.
The creatures around you are filled with an inner flame!
You block the hound's attack. The jelly hits you.
* * * LOW HITPOINT WARNING * * *
The acid corrodes you!
You are splashed with acid!
* * * LOW HITPOINT WARNING * * *
The hound closely misses you. x2
You feel better. The hound closely misses you. The hound bites you.
* * * LOW HITPOINT WARNING * * *
The jelly hits you.
* * * LOW HITPOINT WARNING * * *
The acid corrodes you!
You are splashed with acid!
* * * LOW HITPOINT WARNING * * *
The hound closely misses you.
You hit the hound but do no damage.
The hound is heavily wounded.
The hound bites you.
* * * LOW HITPOINT WARNING * * *
You block the jelly's attack. The hound bites you.
You die...

.)r<.#
.)5#@#
..r ...
#.. .....
#########
...
.......
#.......#
##.
####.##
#§8§8.8.#
#. .#
#§§§.?..#
#. #
#Jh§....+
#@h§....#
#§8§8§8.#
#.§§§§§.#
#########


You could see 2 hounds and a jelly (inner flame).

Vanquished Creatures
  Grinder (D:4)
  A water moccasin (D:6)
  An ogre (D:4)
  A centaur (D:4)
  A phantom (D:3)
  4 kobold brigands (D:4)
  Blork the orc (D:5)
  A scorpion (D:4)
  2 jellies
  2 orc priests
  2 orc wizards
  8 gnolls (D:4)
  8 adders
  A white imp (D:4)
  2 worms (D:2)
  A dart slug (D:3)
  14 orcs
  9 bats
  8 endoplasms
  6 giant cockroaches
  4 hobgoblins
  5 quokkas
  6 ball pythons
  4 frilled lizards
  9 goblins
  46 kobolds
  8 rats
156 creatures vanquished.

Vanquished Creatures (collateral kills)
  An orc priest (D:5)
  An orc (D:5)
2 creatures vanquished.

Grand Total: 158 creatures vanquished

Notes
Turn   | Place    | Note
-------+----------+-------------------------------------------
     0 | D:1      | Graphine the Human Monk began the quest for the Orb.
     0 | D:1      | Reached XP level 1. HP: 18/18 MP: 1/1
   145 | D:1      | Reached XP level 2. HP: 11/24 MP: 2/2
   160 | D:1      | HP: 1/24 [frozen (4)]
   588 | D:1      | Reached XP level 3. HP: 27/29 MP: 3/3
  1483 | D:2      | Reached XP level 4. HP: 26/35 MP: 4/4
  1996 | D:3      | Reached XP level 5. HP: 42/42 MP: 5/5
  2187 | D:3      | Noticed a phantom
  2193 | D:3      | Killed a phantom
  2194 | D:3      | Reached XP level 6. HP: 49/49 MP: 6/6
  2869 | D:4      | Found a stormy altar of Qazlal.
  2889 | D:4      | Became a worshipper of Qazlal Stormbringer
  2889 | D:4      | Reached * piety under Qazlal
  2889 | D:4      | Reached ** piety under Qazlal
  3119 | D:4      | Reached XP level 7. HP: 51/55 MP: 7/7
  3284 | D:4      | Reached skill level 5 in Long Blades
  3284 | D:4      | Reached skill level 5 in Dodging
  3284 | D:4      | Reached skill level 1 in Invocations
  3288 | D:4      | Reached skill level 5 in Fighting
  3454 | D:4      | Reached XP level 8. HP: 51/62 MP: 9/9
  3664 | D:4      | Reached *** piety under Qazlal
  4132 | D:4      | Noticed Grinder
  4141 | D:4      | Paralysed by Grinder for 4 turns
  4148 | D:4      | Killed Grinder
  4363 | D:5      | Entered Level 5 of the Dungeon
  4363 | D:5      | Noticed Eustachio
  4363 | D:5      | Noticed Blork the orc
  4387 | D:5      | Killed Blork the orc
  4723 | D:6      | Reached XP level 9. HP: 68/71 MP: 11/11
  4745 | D:5      | HP: 2/71 [acid (8)]
  4746 | D:5      | Slain by a hound

Illustrated notes

Levels and vault maps discovered:
D:1:      spicycebolla_arrival_transporter_tutorial, layout_basic
D:2:      layout_loops_ring
D:3:      layout_basic, chequers_decorated_corner, grunt_ministairs_5,
          minmay_ruptured
D:4:      minmay_goblin_kobold_castle, layout_loops_ring,
          grunt_qazlal_sundering, nicolae_overflow_hidden_temple,
          minmay_pentomino_pile, uniq_grinder
D:5:      layout_loops_ring, grunt_ministairs_3, minmay_misc_feat_x,
          uniq_eustachio, uniq_duvessa, uniq_blork_the_orc
D:6:      layout_basic, mainiacjoe_overflow_24_doors,
          minmay_temple_entry_glassed_door, minivault_10, uniq_maggie,
          uniq_sigmund

Skill      XL: |  1  2  3  4  5  6  7  8 |
---------------+-------------------------+-----
Fighting       | 4 5 6 |  6.4
Long Blades    | 4 5 6 |  6.5
Dodging        | 4 5 6 |  6.5
Invocations    | 1 3 |  3.1

Action                     |  1- 3 |  4- 6 |  7- 9 || total
---------------------------+-------+-------+-------++-------
  Melee: Falchion          |   106 |     6 |       ||   112
         Short sword       |       |   131 |   228 ||   359
  Throw: Dart              |       |     4 |     6 ||    10
 Invoke: Elemental Force   |       |       |     1 ||     1
    Use: Scroll            |       |     6 |     9 ||    15
         Potion            |       |     1 |     3 ||     4
 Armour: Robe              |    36 |    12 |       ||    48
         Leather armour    |       |    17 |    78 ||    95
  Dodge: Dodged            |    92 |    72 |   160 ||   324
  Block: Orb               |       |    32 |   135 ||   167
         Reflection        |       |       |     7 ||     7
